 Dungeon Crawl Stone Soup version 0.16-a0-2296-gdce89d5 (webtiles) character file.

233325 Gorice the Bludgeoner (level 18, -12/121 HPs)
             Began as a Demonspawn Wanderer on Nov 14, 2014.
             Was the Champion of Kikubaaqudgha.
             Mangled by a storm dragon (19 damage)
             ... on level 2 of the Vaults on Nov 16, 2014.
             The game lasted 08:56:09 (49915 turns).

Gorice the Bludgeoner (Demonspawn Wanderer)        Turns: 49915, Time: 08:56:09

Health: -12/121    AC: 26    Str: 14    XL:     18   Next: 41%
Magic:  21/34      EV: 21    Int: 21    God:    Kikubaaqudgha [******]
Gold:   2419       SH:  0    Dex: 17    Spells: 11 memorised, 5 levels left

rFire  . . .     SeeInvis .     a - +2 great mace (protect)
rCold  + + .     Clarity  .     e - quicksilver dragon armour
rNeg   + . .     SustAb   .     (no shield)
rPois  +         Gourm    .     (helmet unavailable)
rElec  +         Spirit   .     w - +2 cloak
rCorr  .         Warding  .     S - +0 pair of gloves
rMut   .         Stasis   .     r - +0 pair of boots
MR     ++...                    m - amulet of regeneration
Stlth  +++.......               K - ring of Chofear {rElec Int+4}
                                y - ring "Ses Lila" {+Blink rPois rC++ Dex+1}

@: about to teleport, very slightly contaminated, hasted, repel missiles, very
quick, very resistant to hostile enchantments, fairly stealthy
A: claws 2, hooves 2, horns 3, demonic guardian 2, negative energy resistance 1,
nightstalker 2, 50% torment resistance
a: Receive Corpses, Torment, Renounce Religion, Evoke Blink
}: 2/15 runes: decaying, gossamer


You were on level 2 of the Vaults.
You worshipped Kikubaaqudgha.
Kikubaaqudgha was exalted by your worship.
You were not hungry.

You visited 7 branches of the dungeon, and saw 40 of its levels.
You also visited: Labyrinth and Ossuary.

You collected 4818 gold pieces.
You spent 2399 gold pieces at shops.

Inventory:

Hand weapons
 a - a +2 great mace of protection (weapon)
 b - a +0 blowgun
 p - a +2 lajatang of pain
 u - a +1 battleaxe of distortion
 E - a +2 vampiric demon whip
Missiles
 G - 5 curare-tipped needles
 Y - 7 throwing nets (quivered)
Armour
 e - a quicksilver dragon armour (worn)
 r - a +0 pair of boots (worn)
 w - a +2 cloak (worn)
 S - a +0 pair of gloves (worn)
Rods
 I - a -1 rod of ignition (10/10)
   (You found it on level 12 of the Dungeon)
Jewellery
 c - an uncursed amulet of resist corrosion
 d - an uncursed ring of magical power
 m - an amulet of regeneration (around neck)
 o - an uncursed ring of positive energy
 v - an uncursed ring of protection from fire
 y - the ring "Ses Lila" (left hand) {+Blink rPois rC++ Dex+1}
   (You found it on level 3 of the Orcish Mines)

   [ring of dexterity]

   It affects your dexterity (+1).
   It greatly protects you from cold.
   It protects you from poison.
   It lets you blink.
 z - an uncursed ring of see invisible
 K - the ring of Chofear (right hand) {rElec Int+4}
   (You found it in an ossuary)

   [ring of intelligence]

   It affects your intelligence (+4).
   It insulates you from electricity.
 N - an uncursed ring of teleport control
 R - an uncursed ring of sustain abilities
 T - an uncursed ring of protection from fire
 W - an uncursed ring of protection from magic
 Z - an uncursed amulet of resist mutation
Magical devices
 k - a wand of fire (8)
 P - a wand of disintegration (11)
 U - a wand of teleportation (6)
 X - a wand of cold (5)
Scrolls
 l - 2 scrolls of magic mapping
 A - 3 scrolls of identify
 D - 7 scrolls of remove curse
 F - 16 scrolls of teleportation
 J - 2 scrolls of fear
 M - 5 scrolls of fog
 V - a scroll of enchant weapon
Potions
 g - a potion of brilliance
 h - 5 potions of agility
 i - 2 potions of invisibility
 q - 4 potions of haste
 s - 2 potions of curing
 t - 2 potions of might
 C - a potion of resistance
 O - 2 potions of cancellation
Comestibles
 f - 14 meat rations
 n - 27 fruits


   Skills:
 - Level 5.0 Fighting
 - Level 18.0 Maces & Flails
 - Level 1.0 Throwing
 + Level 10.8 Armour
 - Level 15.0 Dodging
 - Level 1.0 Stealth
   Level 1.0 Shields
 + Level 10.0 Spellcasting
 + Level 11.3 Charms
 - Level 10.1 Necromancy


You had 5 spell levels left.
You knew the following spells:

 Your Spells              Type           Power        Failure   Level  Hunger
a - Pain                  Necr           ####         1%          1    None
b - Shroud of Golubria    Chrm/Tloc      ####......   1%          2    None
c - Animate Dead          Necr           N/A          1%          4    ##.....
d - Vampiric Draining     Necr           ######....   1%          3    None
e - Agony                 Necr           ######..     2%          5    ####...
f - Dispel Undead         Necr           ######..     2%          5    ####...
s - Swiftness             Chrm/Air       ####....     1%          2    None
F - Flight                Chrm/Air       ####......   1%          3    None
M - Repel Missiles        Chrm/Air       ####..       1%          2    None
R - Regeneration          Chrm/Necr      ######....   1%          3    None
S - Sublimation of Blood  Necr           ######....   1%          2    None


Dungeon Overview and Level Annotations

Branches:
Dungeon (15/15)            Temple (1/1) D:6            Lair (8/8) D:10
  Swamp (5/5) Lair:3       Spider (5/5) Lair:4        Slime (0/6) Lair:7
    Orc (4/4) D:9             Elf (0/3) Orc:3        Vaults (2/5) D:13
 Depths (0/5) D:15
  Crypt: Vaults:2-3

Altars:
Ashenzari
Cheibriados
Dithmenos
Elyvilon
Fedhas
Gozag
Kikubaaqudgha
Makhleb
Nemelex Xobeh
Okawaru
Qazlal
Ru
Sif Muna
Trog
Vehumet
Xom
Yredelemnul
Zin
The Shining One

Shops:
D:7 (*!*:   D:13 :   Orc:4 [*:([   Vaults:1 ?

Portals:
Trove: D:10 (give 2 scrolls of acquirement)

Annotations:
D:4 vpUX: D&D asleep!
D:12 Nessos
Lair:4 Rupert
Lair:6 exclusion: oklob plant
Vaults:2 Aizul, Margery


Innate Abilities, Weirdness & Mutations

You have very sharp fingernails.
You have hoof-like feet.
You have a pair of large horns on your head.
A demonic guardian rushes to your aid.
You resist negative energy.
You are significantly more attuned to the shadows.
You are somewhat able to resist unholy torments (1 in 2 success).


Message History

Unknown command.
Unknown command.
Unknown command.
Drink which item? (? for menu, Esc to quit)
You feel better. The storm dragon bites you.
* * * LOW HITPOINT WARNING * * *
The storm dragon closely misses you.
The storm dragon tramples you but does no damage.
The ironbrand convoker gestures at the vault warden while chanting.
The vault warden seems to grow stronger.
The vault sentinel blows a loud note on a signal horn!
Unknown command.
Unknown command.
Unknown command.
Unknown command.
Read which item? (? for menu, Esc to quit)
As you read the scroll of teleportation, it crumbles to dust.
You feel strangely unstable. The storm dragon bites you!!
You die...
Kikubaaqudgha rasps: "You have failed me!
Welcome... death!"

.#..#.. .........
........... #p.#SO#C.#
#o..)..# #).p.# #WW@p#
##Dp## #@(#
#######+#######
#.......#.....#
#.......#.....#
#.......#.....#
#.......#.....##########
#.......#.....'.........
#######'#.....#.........
#.....'.'.....#.........


You could see Margery, Aizul (fleeing), a storm dragon, 2 vault wardens, an orc
knight (fleeing), a vault sentinel, a cyclops (fleeing), an ironbrand convoker,
2 freezing wraiths and an ogre (fleeing).

Vanquished Creatures
  Asterion (Vaults:1)
  A sphinx (Vaults:2)
  Agnes (Swamp:5)
  2 thorn hunters
  Kirke (Spider:5)
  The ghost of hackum the Martial Artist, a powerful DgTm (Spider:1)
  A frost giant (Vaults:1)
  An orc warlord (Orc:4)
  3 vault wardens
  3 emperor scorpions (Spider:5)
  3 ghost moths
  Gastronok (Lair:2)
  Jorgrun (Spider:3)
  2 stone giants
  2 very ugly things (Swamp:2)
  Snorg (Swamp:3)
  2 deep elf death magi (Vaults:1)
  A vault guard (D:13)
  A fire dragon (D:15)
  2 ironheart preservers (Vaults:1)
  Harold (Lair:2)
  5 hydras
  An ice dragon (D:15)
  Erica (D:14)
  An ogre mage (Vaults:1)
  A dancing weapon (Vaults:1)
  2 centaur warriors
  A tengu warrior (D:15)
  4 orc high priests (Orc:4)
  7 alligators
  Nergalle (D:13)
  A fire crab (Vaults:1)
  2 orb spiders
  2 unseen horrors
  2 hell knights (Vaults:2)
  A catoblepas (D:13)
  2 shambling mangroves
  3 spriggan druids (Swamp:5)
  6 swamp dragons
  5 orc knights
  A necromancer (Vaults:1)
  A deep elf conjurer (Vaults:1)
  4 ironbrand convokers (Vaults:1)
  5 hill giants
  2 wolf spider zombies (D:14)
  2 wizards
  A harpy (D:13)
  2 griffons
  A stone giant zombie (Vaults:1)
  7 red wasps
  14 wolf spiders
  A draconian (shapeshifter) (Vaults:2)
  A manticore (D:11)
  4 orc sorcerers
  5 cyclopes
  5 ugly things
  7 elephants
  2 stone giant skeletons (Vaults:1)
  Maurice (D:9)
  2 black mambas
  Joseph (D:12)
  A moth of wrath (Spider:2)
  A rust devil (Vaults:1)
  21 spiny frogs
  2 torpor snails
  A yaktaur zombie (Vaults:1)
  A kobold demonologist (D:15)
  2 yaktaurs (Vaults:1)
  2 deep elf priests (Vaults:1)
  A tengu conjurer (D:15)
  10 komodo dragons
  A yaktaur (shapeshifter) (Vaults:2)
  17 jumping spiders
  3 trolls
  12 demonic crawlers
  A fire drake (Lair:3)
  2 harpy zombies
  Sonja (Orc:3)
  A freezing wraith (Vaults:1)
  11 baby alligators
  7 polar bears
  A giant leech (Swamp:2)
  4 harpy skeletons
  Prince Ribbit (Orc:1)
  A jumping spider (shapeshifter) (Vaults:1)
  4 ravens
  5 two-headed ogres
  21 slime creatures
  2 trapdoor spider zombies
  4 boulder beetles
  11 blink frogs
  2 shadows
  38 redbacks
  8 spriggans
  A deep elf mage (D:9)
  2 basilisks (Lair:6)
  19 tarantellas
  A water elemental (D:15)
  17 trapdoor spiders
  7 hippogriffs
  A hungry ghost (D:12)
  7 vampire mosquitoes
  A wraith (D:11)
  Eustachio (Orc:2)
  A wyvern (D:10)
  7 deep elf fighters
  A hog (Spider:5)
  25 yaks
  A yaktaur simulacrum (Vaults:1)
  30 swamp worms
  7 wargs
  Edmund (D:8)
  14 wolves
  2 mottled dragons
  2 soldier ants
  5 porcupines
  5 swamp drakes
  10 water moccasins
  An eye of draining (D:12)
  24 orc warriors
  19 spiders
  10 yellow wasps
  6 ice beasts
  3 sky beasts
  6 black bears
  2 boring beetles
  A human zombie (Vaults:1)
  2 necrophages
  8 ogres
  2 centaurs (D:11)
  3 phantoms
  A manticore skeleton (D:13)
  Duvessa (D:4)
  A small abomination (Vaults:1)
  21 giant frogs
  A glowing shapeshifter simulacrum (Vaults:2)
  3 brain worms (Spider:3)
  16 crocodiles
  A gnoll sergeant (D:8)
  3 insubstantial wisps (Swamp:4)
  A human skeleton (Vaults:1)
  8 wyvern skeletons
  9 wights
  4 scorpions
  An electric eel (Lair:3)
  33 killer bees
  6 bog bodies
  4 goliath beetles
  5 giant frog zombies
  A yellow wasp zombie (D:7)
  2 quasits
  4 centaur zombies
  7 crimson imps
  A centaur skeleton (D:8)
  4 jellies
  18 orc priests
  6 hounds
  29 orc wizards
  11 iguanas
  A killer bee zombie (Ossuary)
  8 worker ants
  21 sheep
  4 hound zombies (Ossuary)
  13 mummies
  4 worker ant zombies (Ossuary)
  17 gnolls
  26 adders
  69 green rats
  5 shadow imps
  A giant mite (D:4)
  7 worms
  5 giant geckos
  An ooze (D:1)
  144 orcs
  5 giant cockroaches
  18 hobgoblins
  10 jackals
  10 quokkas
  2 ball pythons (D:3)
  16 bats
  4 giant newts
  3 giant spores
  20 goblins
  A hobgoblin zombie (D:5)
  13 kobolds
  An orc zombie (Vaults:2)
  23 rats
  7 ballistomycetes
  3 fungi
  2 plants
1270 creatures vanquished.

Vanquished Creatures (collateral kills)
  Mara (Swamp:3)
  Nikola (Swamp:3)
  2 thorn hunters (Swamp:5)
  Maud (Lair:3)
  A ghost moth (Spider:5)
  Louise (D:14)
  2 emperor scorpions
  A very ugly thing (Swamp:3)
  A minotaur (Lab)
  Josephine (D:14)
  9 hydras
  A centaur warrior (D:11)
  2 alligators
  6 death yaks (Lair:8)
  An ogre mage (Orc:3)
  Urug (Orc:3)
  A shadow wraith (Vaults:2)
  6 swamp dragons
  13 hill giants
  2 orc knights
  An oklob plant (Lair:7)
  A necromancer (Vaults:1)
  A wizard (D:11)
  2 wolf spider zombies
  18 orb spiders
  2 ugly things (D:14)
  A griffon (Vaults:1)
  15 wolf spiders
  4 orc sorcerers (Orc:4)
  A red wasp (Spider:3)
  A faun (Lair:2)
  2 cyclopes
  4 elephants
  4 spiny frogs
  2 torpor snails
  A vault sentinel (Vaults:2)
  3 black mambas
  2 redback zombies
  5 yaktaurs
  3 tengu conjurers
  A spriggan druid (Lair:8)
  A wolf spider simulacrum (D:14)
  6 demonic crawlers
  21 jumping spiders
  4 trolls
  5 polar bears (Lair:8)
  A trapdoor spider zombie (D:9)
  A red wasp zombie (D:15)
  6 blink frogs
  A boulder beetle (Spider:3)
  A raven (D:15)
  A two-headed ogre (Orc:3)
  10 slime creatures
  A shadow (Swamp:1)
  A harpy skeleton (D:14)
  The ghost of Vidiiot the Chopper, an average GrBe of Trog (D:5)
  31 redbacks
  3 deep elf magi (D:11)
  2 wraiths
  15 trapdoor spiders
  6 spriggans (Lair:8)
  19 tarantellas
  5 vampire mosquitoes
  9 yaks
  3 water elementals (D:15)
  3 wyverns
  A human skeleton (Vaults:1)
  3 hippogriffs
  A hog (Spider:5)
  A hungry ghost (D:15)
  A redback simulacrum (D:14)
  11 wolves
  13 swamp worms
  4 wargs
  A mottled dragon (D:11)
  A sky beast (D:13)
  2 phantoms (D:11)
  24 spiders
  9 orc warriors
  10 swamp drakes
  3 yellow wasps (Lair:8)
  A black bear (Lair:8)
  5 water moccasins
  5 ogres
  2 centaurs (D:11)
  3 crocodiles
  A brain worm (Spider:3)
  An insubstantial wisp (Swamp:4)
  2 giant frogs
  A wyvern zombie (Ossuary)
  A scorpion (D:14)
  14 killer bees
  3 electric eels
  Dowan (D:4)
  4 bog bodies
  A crimson imp (D:11)
  2 giant frog zombies (Ossuary)
  2 orc priests (Orc:3)
  3 iguanas
  3 orc wizards
  A worker ant (D:5)
  A worker ant zombie (Ossuary)
  12 green rats
  An adder (Lair:8)
  A worm (shapeshifter) (Vaults:2)
  7 worms (Spider:2)
  49 orcs
  An orc zombie (D:5)
  2 quokkas (Lair:1)
  A crawling corpse (Vaults:1)
  2 fungi (Lair:8)
  3 plants (Spider:2)
506 creatures vanquished.

Vanquished Creatures (others)
  A tengu reaver (Vaults:1)
  12 soul eaters
  19 sun demons
  A ghost moth zombie (Spider:5)
  12 ice devils
  A very ugly thing zombie (Swamp:3)
  A hill giant (D:11)
  10 wolf spider zombies
  A frost giant zombie (Vaults:1)
  18 sixfirhies
  13 smoke demons
  2 emperor scorpion zombies (Spider:5)
  23 redback zombies
  3 hydra zombies (Swamp:5)
  A catoblepas zombie (D:13)
  8 tarantella zombies
  A giant leech (Swamp:5)
  16 trapdoor spider zombies
  A boulder beetle (Spider:3)
  2 ugly thing zombies
  10 jumping spider zombies
  2 alligator zombies
  3 hill giant zombies
  3 humans (Spider:5)
  10 human zombies
  4 orb spider zombies
  A swamp drake (Swamp:3)
  3 spiny frog zombies
  A baby alligator zombie (Swamp:2)
  A blink frog zombie (Lair:1)
  5 swamp dragon zombies
  A lost soul (Vaults:1)
  8 vampire mosquito zombies
  A hog zombie (Spider:5)
  2 yaktaur zombies (Vaults:1)
  A komodo dragon zombie (Lair:8)
  2 cyclops zombies
  A water moccasin zombie (Swamp:3)
  13 spider zombies
  A boulder beetle zombie (Spider:2)
  A hippogriff zombie (D:11)
  2 yak zombies (Lair:6)
  4 spriggan zombies
  3 warg zombies
  2 polar bear zombies (Lair:8)
  6 wolf zombies
  5 yellow wasp zombies
  4 crimson imps (D:5)
  A giant frog zombie (D:13)
  A wolf skeleton (Lair:8)
  2 centaur zombies
  5 quasits
  3 two-headed ogre zombies
  2 elf zombies (D:11)
  2 iron imps
  2 black bear zombies (Lair:8)
  A bog body skeleton (Swamp:1)
  4 killer bee zombies
  4 ogre zombies
  2 sky beast zombies
  A mottled dragon zombie (Vaults:2)
  A mottled dragon skeleton (D:11)
  A hound zombie (Lair:1)
  6 swamp drake zombies
  2 white imps
  An ufetubus (Ossuary)
  An adder zombie (Lair:7)
  A sheep zombie (Lair:8)
  An iguana skeleton (D:14)
  A sheep skeleton (Lair:8)
  2 orcs
  A giant spore (D:15)
  A goblin skeleton (Orc:3)
  2 green rat skeletons (Lair:8)
  4 orc skeletons
  41 orc zombies
  2 fungi
  3 plants
  17 toadstools (Lair:6)
364 creatures vanquished.

Grand Total: 2140 creatures vanquished

Notes
Turn   | Place    | Note
--------------------------------------------------------------
     0 | D:1      | Gorice, the Demonspawn Wanderer, began the quest for the Orb.
     0 | D:1      | Gorice set off with: a +2 mace, a +0 short sword, a +0 ring mail, a bread ration
     0 | D:1      | Reached XP level 1. HP: 21/21 MP: 1/1
   303 | D:1      | Gained mutation: You are slightly more attuned to the shadows. [demonic ancestry]
   303 | D:1      | Reached XP level 2. HP: 27/27 MP: 2/2
  1059 | D:2      | Gained mutation: You have a pair of small horns on your head. [demonic ancestry]
  1059 | D:2      | Reached XP level 3. HP: 28/33 MP: 3/3
  1395 | D:2      | Reached XP level 4. HP: 28/39 MP: 4/4
  2178 | D:3      | Gained mutation: A weak demonic guardian rushes to your aid. [demonic ancestry]
  2178 | D:3      | Reached XP level 5. HP: 28/44 MP: 5/5
  2877 | D:4      | Gained mutation: You have a pair of horns on your head. [demonic ancestry]
  2877 | D:4      | Reached XP level 6. HP: 42/51 MP: 6/6
  3262 | D:4      | Noticed Dowan
  3327 | D:4      | Reached skill level 5 in Maces & Flails
  3823 | D:4      | Gained mutation: You have sharp fingernails. [demonic ancestry]
  3823 | D:4      | Reached XP level 7. HP: 56/56 MP: 7/7
  3849 | D:5      | Entered Level 5 of the Dungeon
  3849 | D:5      | Noticed Vidiiot's ghost (average GrBe)
  3977 | D:5      | Reached skill level 6 in Maces & Flails
  4356 | D:5      | Found a sand-covered staircase.
  4375 | Ossuary  | Entered an ossuary
  4466 | Ossuary  | Gained mutation: A demonic guardian rushes to your aid. [demonic ancestry]
  4466 | Ossuary  | Reached XP level 8. HP: 45/62 MP: 8/8
  4474 | Ossuary  | Reached skill level 5 in Armour
  4476 | Ossuary  | Reached skill level 7 in Maces & Flails
  4883 | Ossuary  | Reached skill level 8 in Maces & Flails
  4888 | Ossuary  | Got an ancient bronze ring
  4907 | Ossuary  | Identified the ring of Chofear {rElec Int+4} (You found it in an ossuary)
  5158 | D:4      | Noticed Duvessa
  5168 | D:4      | Killed Duvessa
  5179 | D:4      | Killed Dowan
  5232 | D:5      | Killed Vidiiot's ghost
  5657 | D:5      | Gained mutation: You have a pair of large horns on your head. [demonic ancestry]
  5657 | D:5      | Reached XP level 9. HP: 68/68 MP: 9/9
  5782 | D:5      | Found an iron altar of Okawaru.
  5790 | D:5      | Got a slimy spear
  5791 | D:5      | Identified the +8 spear "Faklioc" {pierce, +Blink Int+1} (You found it on level 5 of the Dungeon)
  5920 | D:6      | Reached skill level 9 in Maces & Flails
  6238 | D:6      | Found a snail-covered altar of Cheibriados.
  6642 | D:6      | Found a staircase to the Ecumenical Temple.
  6677 | Temple   | Entered the Ecumenical Temple
  6707 | Temple   | Became a worshipper of Kikubaaqudgha
  6956 | D:7      | Found Mnimuok's Antique Weapon Shoppe.
  7019 | D:7      | Found Bakoet's General Store.
  7134 | D:7      | Reached skill level 10 in Maces & Flails
  7261 | D:7      | Found Pilairi's General Store.
  7300 | D:7      | Found Voifefev's Book Shoppe.
  7345 | D:7      | Found Pall's Distillery.
  7578 | D:8      | Acquired Kikubaaqudgha's first power
  7578 | D:8      | Received a gift from Kikubaaqudgha
  7579 | D:8      | Identified Kikubaaqudgha's Disquisition on Dark Arts (Kikubaaqudgha gifted it to you on level 8 of the Dungeon)
  7619 | D:8      | Reached skill level 1 in Necromancy
  7650 | D:8      | Noticed Edmund
  7674 | D:8      | Killed Edmund
  7972 | D:8      | Reached XP level 10. HP: 43/74 MP: 3/10
  7990 | D:8      | Found a sparkling altar of Nemelex Xobeh.
  8368 | D:9      | Got a bone rapier
  8396 | D:9      | Noticed Maurice
  8419 | D:9      | Killed Maurice
  8789 | D:9      | Reached skill level 11 in Maces & Flails
  8796 | D:9      | Found a radiant altar of Vehumet.
  8916 | D:9      | Found a shadowy altar of Dithmenos.
  9057 | D:9      | Reached skill level 5 in Necromancy
  9131 | D:9      | Acquired Kikubaaqudgha's second power
  9279 | D:9      | Learned a level 3 spell: Regeneration
  9683 | D:9      | Found a staircase to the Orcish Mines.
  9929 | D:9      | Identified the cursed +6 rapier "Zokhis" {drain, Str+2} (You found it on level 9 of the Dungeon)
  9938 | D:10     | Entered Level 10 of the Dungeon
 10153 | D:10     | Received a gift from Kikubaaqudgha
 10153 | D:10     | Gained mutation: You have very sharp fingernails. [demonic ancestry]
 10153 | D:10     | Reached XP level 11. HP: 45/79 MP: 3/11
 10156 | D:10     | Identified Kikubaaqudgha's Collected Works on Stolen Souls (Kikubaaqudgha gifted it to you on level 10 of the Dungeon)
 10254 | D:10     | Found a portal to a secret trove of treasure.
 10318 | D:10     | Found a staircase to the Lair.
 10330 | D:10     | Reached skill level 1 in Dodging
 11036 | D:9      | Learned a level 2 spell: Shroud of Golubria
 11038 | D:9      | Learned a level 1 spell: Pain
 11457 | Lair:1   | Entered Level 1 of the Lair of Beasts
 11604 | Lair:1   | Learned a level 4 spell: Animate Dead
 11795 | Lair:1   | Got a jewelled rapier
 12309 | Lair:1   | Acquired Kikubaaqudgha's third power
 12327 | Lair:1   | Noticed a seven-headed hydra
 12404 | Lair:1   | Reached skill level 12 in Maces & Flails
 12658 | Lair:2   | Reached skill level 1 in Spellcasting
 12749 | Lair:2   | Noticed Harold
 12762 | Lair:2   | Killed Harold
 13197 | Lair:2   | Noticed Gastronok
 13212 | Lair:2   | Killed Gastronok
 13212 | Lair:2   | Reached skill level 5 in Dodging
 13992 | Lair:2   | Gained mutation: You are significantly more attuned to the shadows. [demonic ancestry]
 13992 | Lair:2   | Reached XP level 12. HP: 79/86 MP: 21/21
 14424 | Lair:3   | Reached skill level 1 in Charms
 14574 | Lair:3   | Identified the Guide on the Ghastly Blaze
 14579 | Lair:3   | Learned a level 3 spell: Vampiric Draining
 14830 | Lair:3   | Noticed Maud
 14852 | Lair:3   | Killed Maud
 15126 | Lair:3   | Acquired Kikubaaqudgha's fourth power
 15635 | Lair:3   | Found a staircase to the Swamp.
 16129 | Lair:4   | Found a hole to the Spider Nest.
 16506 | Lair:4   | Reached skill level 13 in Maces & Flails
 16510 | Lair:4   | Noticed Rupert
 17428 | Lair:5   | Got a polished shortbow
 17429 | Lair:5   | Identified the cursed -1 shortbow "Jellybane" {freeze, rC+ Int+2} (You found it on level 5 of the Lair of Beasts)
 18048 | Lair:5   | Reached skill level 5 in Charms
 18279 | Lair:5   | Upgraded the game from 0.16-a0-2179-gb75b79b to 0.16-a0-2254-g943817a
 18518 | Lair:6   | Found a staircase to the Swamp.
 18556 | Lair:6   | Gained mutation: You resist negative energy. [demonic ancestry]
 18556 | Lair:6   | Reached XP level 13. HP: 16/91 MP: 1/22
 19265 | Lair:6   | Found a blossoming altar of Fedhas.
 20749 | Lair:7   | Found a staircase to the Slime Pits.
 20782 | Lair:8   | Entered Level 8 of the Lair of Beasts
 21549 | Lair:8   | Reached skill level 14 in Maces & Flails
 21782 | Lair:8   | Identified a +5 rod of the swarm (13/13) (You found it on level 8 of the Lair of Beasts)
 22997 | Lair:1   | Learned a level 2 spell: Sublimation of Blood
 23450 | D:11     | Reached XP level 14. HP: 98/98 MP: 23/23
 23650 | D:11     | Identified the Handbook of Dhcmrlchtdj
 23857 | D:11     | Identified the Grimoire of Of Sand
 23865 | D:11     | Identified the Compendium of Combed Thunderclap
 24588 | D:12     | Got a bloodstained leather armour
 24688 | D:12     | Noticed Nessos
 24712 | D:12     | Identified the +2 leather armour of Makhleb's Favour {+Inv} (You found it on level 12 of the Dungeon)
 24877 | D:12     | Noticed Joseph
 24891 | D:12     | Killed Joseph
 25082 | D:12     | Identified a -1 rod of ignition (10/10) (You found it on level 12 of the Dungeon)
 25353 | D:13     | Found an opulent altar of Gozag.
 25361 | D:13     | Reached skill level 10 in Dodging
 25531 | D:13     | Found a gate to the Vaults.
 25718 | D:13     | Found Feim's Book Shoppe.
 25884 | D:13     | Noticed Nergalle
 25895 | D:13     | Killed Nergalle
 25895 | D:13     | Reached skill level 5 in Spellcasting
 26414 | D:14     | Noticed Josephine
 26524 | D:14     | Found a labyrinth entrance.
 26545 | Lab      | Entered a labyrinth
 27471 | D:14     | Noticed Louise
 27858 | D:14     | Killed Louise
 27959 | D:14     | Noticed Erica
 27992 | D:14     | Killed Erica
 28162 | D:14     | Killed Josephine
 28191 | D:14     | Your ally Josephine died
 28529 | D:14     | Found a white marble altar of Elyvilon.
 28750 | D:15     | Entered Level 15 of the Dungeon
 29340 | D:15     | Got a transparent hand crossbow
 29696 | D:15     | Reached skill level 10 in Necromancy
 29780 | D:15     | Reached skill level 15 in Maces & Flails
 29788 | D:15     | Found a staircase to the Depths.
 30207 | Lair:1   | Identified the +7 hand crossbow of Cupableung {elec, rF+} (You found it on level 15 of the Dungeon)
 30265 | Lair:1   | Gained mutation: You are somewhat able to resist unholy torments (1 in 2 success). [demonic ancestry]
 30265 | Lair:1   | Reached XP level 15. HP: 86/103 MP: 15/29
 30505 | Lair:1   | Killed a seven-headed hydra
 30643 | Orc:1    | Entered Level 1 of the Orcish Mines
 30728 | Orc:1    | Noticed Prince Ribbit
 30935 | Orc:2    | Noticed Eustachio
 30944 | Orc:2    | Killed Eustachio
 31400 | Orc:1    | Killed Prince Ribbit
 31635 | Orc:2    | Found a radiant altar of Vehumet.
 32548 | Orc:3    | Got a sparkling turquoise ring
 32556 | Orc:3    | Identified the ring "Ses Lila" {+Blink rPois rC++ Dex+1} (You found it on level 3 of the Orcish Mines)
 32659 | Orc:3    | Noticed Sonja
 32673 | Orc:3    | Killed Sonja
 32793 | Orc:3    | Found a staircase to the Elven Halls.
 32793 | Orc:3    | Noticed Urug
 32807 | Orc:3    | Killed Urug
 33486 | Orc:2    | Your ally Eustachio died
 33780 | Orc:4    | Entered Level 4 of the Orcish Mines
 33948 | Orc:4    | Found Uraokyog's Antique Armour Boutique.
 33955 | Orc:4    | Bought a silk robe for 159 gold pieces
 33966 | Orc:4    | Identified the cursed -3 robe of the Prince {rF++} (You bought it in a shop on level 4 of the Orcish Mines)
 33977 | Orc:4    | Bought a quicksilver dragon armour for 1680 gold pieces
 34052 | Orc:4    | Found Astronub's General Store.
 34184 | Orc:4    | Found Qixets' Antique Weapon Shoppe.
 34739 | Orc:4    | Found Suicocud's Book Emporium.
 34779 | Orc:4    | Found Crul's Armour Shoppe.
 35368 | Spider:1 | Entered Level 1 of the Spider Nest
 35656 | Spider:1 | Noticed hackum's ghost (powerful DgTm)
 35683 | Spider:1 | Killed hackum's ghost
 36047 | Lair:1   | Learned a level 5 spell: Agony
 36053 | Lair:1   | Learned a level 5 spell: Dispel Undead
 37347 | Spider:2 | Gained mutation: You have large cloven feet. [demonic ancestry]
 37347 | Spider:2 | Reached XP level 16. HP: 94/109 MP: 24/31
 37640 | Spider:3 | Reached skill level 16 in Maces & Flails
 38349 | Spider:3 | Got a faintly humming leather armour
 38582 | Lair:4   | Identified the cursed -5 leather armour "Ycreolop" {Str+2 Dex-2} (You found it on level 3 of the Spider Nest)
 38781 | Spider:4 | Noticed Jorgrun
 38955 | Spider:3 | Killed Jorgrun
 39031 | Spider:4 | Reached skill level 10 in Charms
 40065 | Lair:1   | Upgraded the game from 0.16-a0-2254-g943817a to 0.16-a0-2296-gdce89d5
 40191 | D:7      | Bought a book of Air for 560 gold pieces
 40196 | D:7      | Learned a level 3 spell: Flight
 40199 | D:7      | Learned a level 2 spell: Repel Missiles
 40404 | Swamp:1  | Entered Level 1 of the Swamp
 42347 | Swamp:3  | Noticed Nikola
 42383 | Swamp:3  | Noticed Mara
 42383 | Swamp:3  | Killed Nikola
 42624 | Swamp:3  | Killed Mara
 42624 | Swamp:3  | Reached skill level 17 in Maces & Flails
 42628 | Swamp:3  | Reached XP level 17. HP: 43/115 MP: 32/32
 42634 | Swamp:3  | Learned a level 2 spell: Swiftness
 42898 | Swamp:3  | Noticed Snorg
 42917 | Swamp:3  | Killed Snorg
 44455 | Swamp:5  | Entered Level 5 of the Swamp
 44455 | Swamp:5  | Noticed Agnes
 44468 | Swamp:5  | Killed Agnes
 44607 | Swamp:5  | Your ally Agnes died
 45238 | Swamp:5  | Got a decaying rune of Zot
 45724 | Lair:1   | Identified a scroll of acquirement
 45928 | Spider:5 | Entered Level 5 of the Spider Nest
 45953 | Spider:5 | Noticed Kirke
 45969 | Spider:5 | Killed Kirke
 46069 | Spider:5 | Reached skill level 15 in Dodging
 46728 | Spider:5 | Your ally Kirke died
 46768 | Spider:5 | Reached skill level 18 in Maces & Flails
 47177 | Spider:5 | Got a gossamer rune of Zot
 47743 | Vaults:1 | Entered Level 1 of the Vaults
 48003 | Vaults:1 | Reached skill level 10 in Armour
 48004 | Vaults:1 | Found Ocseicat's Magic Scroll Shoppe.
 48237 | Vaults:1 | Gained mutation: You have hoof-like feet. [demonic ancestry]
 48237 | Vaults:1 | Reached XP level 18. HP: 61/121 MP: 18/34
 48803 | Vaults:1 | Noticed Asterion
 48818 | Vaults:1 | Killed Asterion
 48839 | Vaults:1 | Got a faintly humming ring mail
 49029 | Vaults:1 | Identified the +4 ring mail of Dem Teralall {Str+1 Dex+1} (You found it on level 1 of the Vaults)
 49515 | Vaults:2 | Noticed Margery
 49879 | Vaults:2 | Reached skill level 10 in Spellcasting
 49911 | Vaults:2 | HP: 1/121 [storm dragon (10)]
 49913 | Vaults:2 | Noticed Aizul
 49915 | Vaults:2 | Mangled by a storm dragon

Action                   |  1- 3 |  4- 6 |  7- 9 | 10-12 | 13-15 | 16-18 || total
-------------------------+-------+-------+-------+-------+-------+-------++-------
Melee: Mace              |    80 |   140 |   567 |       |       |       ||   787
       Flail             |       |       |    28 |   424 |       |       ||   452
       Dagger            |       |       |     9 |     6 |       |       ||    15
       Morningstar       |       |       |       |   678 |  1140 |       ||  1818
       Dire flail        |       |       |       |    30 |       |       ||    30
       Great mace        |       |       |       |       |   702 |  1600 ||  2302
       Lajatang          |       |       |       |       |       |    54 ||    54
 Fire: Hunting sling     |       |    57 |    25 |    65 |     5 |       ||   152
       Blowgun           |       |       |       |       |     5 |     3 ||     8
       Hand crossbow     |       |       |       |       |     2 |       ||     2
Throw: Javelin           |     3 |     9 |    28 |    35 |     1 |       ||    76
       Throwing net      |       |       |       |       |     2 |       ||     2
 Cast: Regeneration      |       |       |       |    13 |    12 |    16 ||    41
       Shroud of Golubri |       |       |       |     9 |     8 |    18 ||    35
       Vampiric Draining |       |       |       |    51 |   232 |   145 ||   428
       Animate Dead      |       |       |       |       |   138 |   106 ||   244
       Pain              |       |       |       |       |    81 |    44 ||   125
       Sublimation of Bl |       |       |       |       |     2 |     7 ||     9
       Agony             |       |       |       |       |       |    33 ||    33
       Flight            |       |       |       |       |       |    10 ||    10
       Repel Missiles    |       |       |       |       |       |     3 ||     3
       Swiftness         |       |       |       |       |       |     1 ||     1
       Dispel Undead     |       |       |       |       |       |     2 ||     2
Invok: Receive Corpses   |       |       |       |     1 |       |       ||     1
 Abil: Evoke Blink       |       |       |       |       |     1 |     3 ||     4
Evoke: Wand              |       |       |       |     7 |     2 |     1 ||    10
       Rod               |       |       |       |       |     1 |       ||     1
  Use: Scroll            |     7 |     6 |    15 |    12 |    11 |    13 ||    64
       Potion            |       |       |     2 |     4 |     3 |    18 ||    27
 Stab: Sleeping          |     2 |     5 |     3 |    27 |    28 |    16 ||    81
       Distracted        |       |       |     1 |     5 |    26 |    27 ||    59
       Confused          |       |       |       |     1 |       |     2 ||     3
       Held in net/web   |       |       |       |       |     1 |       ||     1
       Invisible         |       |       |       |       |       |     5 ||     5
  Eat: Chunk             |     2 |     7 |    12 |    52 |    73 |    49 ||   195
       Bread ration      |       |       |     1 |       |     4 |     2 ||     7
       Pizza             |       |       |     1 |       |     1 |       ||     2
       Beef jerky        |       |       |     1 |       |     2 |     2 ||     5
       Meat ration       |       |       |       |       |     3 |     3 ||     6
       Fruit             |       |       |       |       |     3 |     2 ||     5
       Royal jelly       |       |       |       |       |       |     1 ||     1
